 Dungeon Crawl Stone Soup version 0.29.1-1-gd02db69 (webtiles) character file.

Game seed: 17225858761042009771

584 Zypher the Ducker (level 7, -2/56 HPs)
             Began as a Gnoll Gladiator on Apr 21, 2023.
             Was a Plaything of Xom.
             Slain by an orc
             ... wielding a +0 war axe
              (6 damage)
             ... on level 4 of the Dungeon.
             The game lasted 00:32:14 (3404 turns).

Zypher the Ducker (Gnoll Gladiator)                 Turns: 3404, Time: 00:32:15

Health: -2/56      AC: 13    Str: 13    XL:     7   Next: 37%
Magic:  10/10      EV: 11    Int:  8    God:    Xom [*.....]
Gold:   192        SH:  0    Dex: 13    Spells: 11/11 levels left

rFire   . . .      SeeInvis .   L - +0 scythe
rCold   . . .      Faith    .   (shield currently unavailable)
rNeg    . . .      Spirit   .   v - +3 scale mail
rPois   .          Reflect  .   y - +1 hat
rElec   .          Harm     .   (no cloak)
rCorr   .          Rampage  .   m - +2 pair of gloves
Will    .....                   (no boots)
Stlth   ..........              i - amulet of regeneration
HPRegen 0.98/turn               (no ring)
MPRegen 0.12/turn               (no ring)

@: confused
A: fangs 1, strong nose, distributed training, clumsy 1, deterioration 1
a: Renounce Religion


You were on level 4 of the Dungeon.
You worshipped Xom.
You were a special plaything of Xom.
You visited 1 branch of the dungeon, and saw 4 of its levels.

You collected 192 gold pieces.

Inventory:

Hand Weapons
 a - a +0 flail
 l - a +0 whip
 o - a +0 long sword
 q - a +0 short sword
 s - a +0 club
 t - a +0 dagger
 w - a +0 dagger
 x - a +0 dagger
 D - a +0 hand axe
 L - a +0 scythe (weapon)
 P - a +3 dagger of freezing
 Q - a +0 giant spiked club
 R - a +0 short sword
Missiles
 d - 3 throwing nets
 e - a javelin (quivered)
 p - 15 poisoned darts
 C - 35 stones
Armour
 b - a +0 leather armour
 c - a +0 helmet
 j - a +0 ring mail
 m - a +2 pair of gloves (worn)
 r - a +0 chain mail
 v - a +3 scale mail (worn)
 y - a +1 hat (worn)
 F - a +0 chain mail
 H - a +0 pair of gloves
 M - a +0 robe
Jewellery
 i - an amulet of regeneration (around neck)
Wands
 E - a wand of flame (15)
 G - a wand of paralysis (9)
 J - a wand of digging (5)
 O - a wand of mindburst (11)
Scrolls
 f - 2 scrolls of teleportation {unknown}
 g - a scroll of magic mapping {unknown}
 h - a scroll of noise {unknown}
 k - 6 scrolls of identify {unknown}
 n - 2 scrolls of butterflies {unknown}
 u - a scroll of amnesia {unknown}
 B - a scroll of poison {unknown}
Potions
 z - a potion of invisibility {unknown}
 A - a potion of resistance {unknown}
 I - a potion of cancellation {unknown}
 K - a potion of magic {unknown}
 N - a potion of brilliance {unknown}
 S - a potion of haste {unknown}


   Skills:
 + Level 5.2 Fighting
 + Level 2.5 Short Blades
 + Level 2.5 Long Blades
 + Level 2.5 Axes
 + Level 7.0 Maces & Flails
 + Level 2.5 Polearms
 + Level 2.5 Staves
 + Level 2.5 Ranged Weapons
 + Level 5.2 Throwing
 + Level 2.5 Armour
 + Level 7.0 Dodging
 + Level 2.5 Stealth
 + Level 2.5 Shields
 + Level 2.5 Unarmed Combat
 + Level 2.5 Spellcasting
 + Level 2.0 Conjurations
 + Level 2.0 Hexes
 + Level 2.0 Summonings
 + Level 2.0 Necromancy
 + Level 2.0 Translocations
 + Level 2.0 Transmutations
 + Level 2.0 Fire Magic
 + Level 2.0 Ice Magic
 + Level 2.0 Air Magic
 + Level 2.0 Earth Magic
 + Level 2.0 Poison Magic
 + Level 2.8 Invocations
 + Level 2.5 Evocations


You had 11 spell levels left.
You didn't know any spells.
Your spell library contained the following spells:

 Spells                   Type           Power      Damage    Failure   Level
 Beastly Appendage        Tmut           8%         N/A       54%         1
 Wereblood                Tmut           4%         N/A       69%         2
 Ignite Poison            Fire/Tmut/Pois 4%         N/A       89%         3
 Mephitic Cloud           Conj/Pois/Air  4%         N/A       89%         3
 Spider Form              Tmut/Pois      4%         N/A       89%         3
 Stone Arrow              Conj/Erth      8%         3d7       89%         3
 Animate Armour           Summ/Erth      8%         N/A       100%        4
 Freezing Cloud           Conj/Ice/Air   2%         6-21      100%        5
 Lehudib's Crystal Spear  Conj/Erth      2%         10d2      100%        8


Dungeon Overview and Level Annotations

Branches:
Dungeon (4/15)
 Temple: D:4-7

Altars:
Xom

Shops:
D:3 *

Annotations:
D:4 Grinder


Innate Abilities, Weirdness & Mutations

You have very sharp teeth.
Your uncanny sense of smell can sniff out nearby items.
Your experience applies equally to all skills.
You are clumsy. (Dex -2)
Your body sometimes deteriorates upon taking damage.


Message History

The hobgoblin misses you. Grinder gestures at you.
You resist with significant effort.
You barely miss something. Your bite misses something.
Something hits you but does no damage. The orc hits you but does no damage.
Grinder barely misses you.
The hobgoblin hits you but does no damage.
The orc closely misses you.
The hobgoblin hits you but does no damage.
Grinder barely misses you. The orc attacks as you move away!
The orc barely misses you.
You hear some strange, mumbled words.
A magic dart appears from out of thin air!
The magic dart hits you.
* * * LOW HITPOINT WARNING * * *
The hobgoblin hits you but does no damage.
Grinder blinks!
You hit the orc. You bite the orc.
The orc is heavily wounded.
Something hits you but does no damage.
The hobgoblin hits you but does no damage.
You hit the orc but do no damage. You bite the orc, but do no damage.
Something hits you but does no damage. The orc hits you with a +0 dagger.
* * * LOW HITPOINT WARNING * * *
The hobgoblin barely misses you. The orc barely misses you.
You hit the orc.
The orc is almost dead.
You hear some strange, mumbled words.
You are confused.
The orc hits you with a +0 dagger.
* * * LOW HITPOINT WARNING * * *
The orc misses you.
Grinder blinks!
The hobgoblin hits you but does no damage.
The orc hits you but does no damage. The hobgoblin barely misses you.
You hear some strange, mumbled words.
A magic dart appears from out of thin air!
The magic dart hits you but does no damage.
The orc hits you with a +0 war axe.
You die...
Xom cackles wildly!

##.............# #...
##...##......##.# #.... #
#...###...#####.# .....
##.#......####...##.......
#..........)#.8.8.#.......
#............'...._#.......
#..##......)##.8.8.#.......
##. ###..{og.# ...##.....##
# #.#.5o@.## ### .....#
.........# ......
...#...ยง........
...###..#........ .>.
........###.. #............
.###........ ###.......
........#


You could see Grinder, 2 orcs and a hobgoblin.

Vanquished Creatures
  Sigmund (D:3)
  Pargi (D:3)
  An ogre (D:4)
  A hound (D:3)
  An orc priest (D:4)
  Jessica (D:2)
  Ijyb (D:3)
  An orc wizard (D:3)
  4 adders (D:2)
  A worm (D:2)
  A dart slug (D:3)
  5 orcs (D:3)
  13 endoplasms
  3 giant cockroaches
  5 hobgoblins
  10 jackals
  6 kobolds
  2 quokkas
  3 ball pythons
  9 bats
  3 frilled lizards
  4 goblins
  8 rats
85 creatures vanquished.

Vanquished Creatures (others)
  An orc priest (D:3)
1 creature vanquished.

Grand Total: 86 creatures vanquished

Notes
Turn   | Place    | Note
-------+----------+-------------------------------------------
     0 | D:1      | Zypher the Gnoll Gladiator began the quest for the Orb.
     0 | D:1      | Reached XP level 1. HP: 20/20 MP: 1/1
   152 | D:1      | Found a faded altar of an unknown god.
   156 | D:1      | Prayed at the altar of an unknown god.
   156 | D:1      | Became a worshipper of Xom of Chaos
   208 | D:1      | Reached XP level 2. HP: 26/26 MP: 2/2
   350 | D:1      | XOM: divination: detect items
  1181 | D:1      | You fall into a shaft and drop 1 floor!
  1188 | D:2      | Reached XP level 3. HP: 31/31 MP: 3/3
  1193 | D:2      | XOM: butterfly on damage
  1261 | D:2      | Reached skill level 1 in Invocations
  1405 | D:2      | Reached skill level 1 in Short Blades
  1405 | D:2      | Reached skill level 1 in Long Blades
  1405 | D:2      | Reached skill level 1 in Axes
  1405 | D:2      | Reached skill level 1 in Polearms
  1405 | D:2      | Reached skill level 1 in Staves
  1405 | D:2      | Reached skill level 1 in Ranged Weapons
  1405 | D:2      | Reached skill level 1 in Armour
  1405 | D:2      | Reached skill level 1 in Stealth
  1405 | D:2      | Reached skill level 1 in Shields
  1405 | D:2      | Reached skill level 1 in Unarmed Combat
  1405 | D:2      | Reached skill level 1 in Spellcasting
  1405 | D:2      | Reached skill level 1 in Evocations
  1475 | D:2      | Reached XP level 4. HP: 38/38 MP: 5/5
  1480 | D:2      | Noticed Jessica
  1488 | D:2      | XOM: cast spell 'Call Canine Familiar'
  1496 | D:2      | Killed Jessica
  1497 | D:2      | Reached skill level 1 in Conjurations
  1497 | D:2      | Reached skill level 1 in Hexes
  1497 | D:2      | Reached skill level 1 in Summonings
  1497 | D:2      | Reached skill level 1 in Necromancy
  1497 | D:2      | Reached skill level 1 in Translocations
  1497 | D:2      | Reached skill level 1 in Transmutations
  1497 | D:2      | Reached skill level 1 in Fire Magic
  1497 | D:2      | Reached skill level 1 in Ice Magic
  1497 | D:2      | Reached skill level 1 in Air Magic
  1497 | D:2      | Reached skill level 1 in Earth Magic
  1497 | D:2      | Reached skill level 1 in Poison Magic
  1729 | D:2      | XOM is BORED!
  1729 | D:2      | XOM: give mutations
  1729 | D:2      | Gained mutation: You are clumsy. (Dex -2) [Xom's mischief]
  1729 | D:2      | Gained mutation: Your body sometimes deteriorates upon
                  | taking damage. [Xom's mischief]
  1904 | D:3      | Reached XP level 5. HP: 41/43 MP: 7/7
  2085 | D:3      | XOM: divine lightning
  2133 | D:3      | XOM: summons 4 hostile shadow creatures
  2152 | D:3      | Found Cuxteil's General Store.
  2676 | D:3      | Noticed Sigmund
  2698 | D:3      | Killed Sigmund
  2699 | D:3      | Reached skill level 5 in Fighting
  2699 | D:3      | Reached skill level 5 in Throwing
  2699 | D:3      | Reached XP level 6. HP: 51/51 MP: 7/9
  2899 | D:3      | Noticed Pargi
  2920 | D:3      | XOM: silly message
  2922 | D:3      | Killed Pargi
  2983 | D:3      | XOM: divination: detect items
  2994 | D:3      | Reached XP level 7. HP: 56/56 MP: 10/10
  3077 | D:3      | Noticed Ijyb
  3083 | D:3      | XOM: noise
  3087 | D:3      | Killed Ijyb
  3282 | D:4      | XOM: silly message
  3356 | D:4      | Noticed Grinder
  3358 | D:4      | Paralysed by Grinder for 2 turns
  3366 | D:4      | Paralysed by Grinder for 4 turns
  3369 | D:4      | XOM: noise
  3404 | D:4      | Slain by an orc

Illustrated notes

Levels and vault maps discovered:
D:1:      dpeg_arrival_more_subterranean_lakeside_camping, layout_loops_corners,
          hellmonk_ecumenical_altar_heavens_door, grunt_decor_clamped
D:2:      layout_basic, uniq_jessica
D:3:      layout_loops_ring, serial_shops, nicolae_shop_statue_plus,
          grunt_decor_junction, roderic_roman_lattice, st_stairs_5,
          minmay_misc_feat_five, kennysheep_generic_room_5, uniq_ijyb,
          uniq_sigmund, uniq_pargi
D:4:      layout_cave_pools, minmay_crystal_water, kennysheep_orc_chapel,
          uniq_grinder

Skill      XL: |  1  2  3  4  5  6  7 |
---------------+----------------------+-----
Invocations    | 1 2 |  2.8
Short Blades   | 1 2 |  2.5
Long Blades    | 1 2 |  2.5
Axes           | 1 2 |  2.5
Polearms       | 1 2 |  2.5
Staves         | 1 2 |  2.5
Ranged Weapons | 1 2 |  2.5
Armour         | 1 2 |  2.5
Stealth        | 1 2 |  2.5
Shields        | 1 2 |  2.5
Unarmed Combat | 1 2 |  2.5
Spellcasting   | 1 2 |  2.5
Evocations     | 1 2 |  2.5
Conjurations   | 1 2 |  2.0
Hexes          | 1 2 |  2.0
Summonings     | 1 2 |  2.0
Necromancy     | 1 2 |  2.0
Translocations | 1 2 |  2.0
Transmutations | 1 2 |  2.0
Fire Magic     | 1 2 |  2.0
Ice Magic      | 1 2 |  2.0
Air Magic      | 1 2 |  2.0
Earth Magic    | 1 2 |  2.0
Poison Magic   | 1 2 |  2.0
Fighting       | 5 |  5.2
Throwing       | 5 |  5.2
Maces & Flails | 7 |  7.0
Dodging        | 7 |  7.0

Action                   |  1- 3 |  4- 6 |  7- 9 || total
-------------------------+-------+-------+-------++-------
Melee: Flail             |   139 |   128 |       ||   267
       Bite              |     8 |    16 |     6 ||    30
       Punch             |       |     1 |       ||     1
       Halberd           |       |    59 |    54 ||   113
Armor: Ring mail         |    18 |       |       ||    18
       Chain mail        |    45 |       |       ||    45
       Scale mail        |    12 |   160 |    55 ||   227
Dodge: Dodged            |    99 |   152 |    60 ||   311
